 Dungeon Crawl Stone Soup version 0.20-a0-1116-gaa52201 (webtiles) character file.

308 Duffy the Skirmisher (level 6, -1/60 HPs)
             Began as a Gnoll Wanderer on May 8, 2017.
             Slain by a kobold (4 damage)
             ... on level 3 of the Dungeon.
             The game lasted 00:04:51 (3798 turns).

Duffy the Skirmisher (Gnoll Wanderer)               Turns: 3798, Time: 00:04:51

Health: -1/60      AC:  0    Str: 10 (12) XL:     6   Next: 40%
Magic:  13/13      EV: 11    Int: 11 (13) God:
Gold:   206        SH:  0    Dex: 19 (22) Spells: 6/15 levels left

rFire    + . .     SeeInvis .   e - +0 dagger (elec)
rCold    . . .     Gourm    .   (no shield)
rNeg     . . .     Faith    .   (no armour)
rPois    .         Spirit   .   (no helmet)
rElec    .         Reflect  .   (no cloak)
rCorr    .         Harm     .   (no gloves)
MR       .....                  (no boots)
Stlth    ++........             I - amulet of rage
Regen    0.2/turn               r - +6 ring of dexterity (curse)
MPRegen  0.2/turn               D - ring of protection from fire

@: no status effects
A: short attention span, fangs 1, agile 1, robust 1, strong nose
a: Evoke Berserk Rage


You were on level 3 of the Dungeon.
You were not hungry.

You visited 1 branch of the dungeon, and saw 3 of its levels.

You collected 206 gold pieces.

Inventory:

Hand Weapons
 a - a +0 war axe of freezing
 e - a +0 dagger of electrocution (weapon)
Missiles
 H - a throwing net (quivered)
Armour
 h - a +2 helmet
 k - a +0 pair of gloves
 B - a +0 chain mail
Jewellery
 i - a -3 ring of intelligence
 l - an uncursed ring of ice
 r - a cursed +6 ring of dexterity (left hand)
 D - a ring of protection from fire (right hand)
 I - an amulet of rage (around neck)
Wands
 z - a wand of enslavement (5/24)
Scrolls
 g - 2 scrolls of remove curse
 p - 2 scrolls of identify {unknown}
 v - a scroll of enchant weapon {unknown}
 x - a scroll of immolation {unknown}
 y - a scroll of teleportation {unknown}
 C - a scroll of enchant armour {unknown}
 F - a scroll of fog {unknown}
Potions
 c - 3 potions of curing
 s - a potion of lignification
Books
 b - the Incunabulum of Unholy Rites

   Spells                             Type                      Level
   a - Animate Skeleton               Necromancy                   1
   b - Vampiric Draining              Necromancy                   3
 u - a book of Spatial Translocations

   Spells                             Type                      Level
   a - Blink                          Translocation                2
   b - Shroud of Golubria             Charms/Translocation         2
   c - Lesser Beckoning               Translocation                3
   d - Gell's Gravitas                Translocation                3
   e - Teleport Other                 Translocation                3
   f - Passage of Golubria            Translocation                4
Comestibles
 f - 2 bread rations
 t - a royal jelly
 w - a meat ration
 A - 3 fruits


   Skills:
 - Level 7.0 Fighting
 + Level 4.4 Axes
 + Level 3.6 Armour
   Level 3.2 Shields
 - Level 5.3 Spellcasting
 - Level 6.2 Translocations
   Level 1.7 Air Magic


You had 6 spell levels left.
You knew the following spells:

 Your Spells              Type           Power        Failure   Level  Hunger
g - Passage of Golubria   Tloc           N/A          16%         4    ####...
l - Lesser Beckoning      Tloc           ###.......   4%          3    ###....
B - Blink                 Tloc           N/A          2%          2    ##.....


Dungeon Overview and Level Annotations

Branches:
Dungeon (3/15)

Altars:
Makhleb


Innate Abilities, Weirdness & Mutations

You have a short attention span.
You have very sharp teeth.
Your uncanny sense of smell can sniff out nearby items.
You are agile. (Dex +2)
You are robust. (+10% HP)


Message History

The kobold closely misses you. The kobold hits you.
The kobold barely misses you. The kobold barely misses you.
The kobold barely misses you. The kobold barely misses you.
The kobold barely misses you. The kobold barely misses you.
The kobold closely misses you. The kobold hits you. The kobold hits you.
The kobold closely misses you. The kobold closely misses you.
The kobold hits you. The kobold barely misses you. The kobold hits you.
The kobold misses you. The kobold hits you. The kobold hits you.
You die...

######### #........
#........ #######
#...#.#.. #.....
+...._... #....#
#...#.#.. #....##
#........ #.....##
#........
#K@$...####........
#.~~~~~~~~~........
#######.~#~~~~~#~....(...
.......<~#~###~#~#####...
#######.~#~~~~~#~# #.(.
#...~~~~~~~~~# #..(
#.......#..### #...
#)........# #..)
#.......### #...


You could see a kobold.

Vanquished Creatures
  2 orc priests (D:3)
  3 orc wizards (D:3)
  3 gnolls (D:3)
  6 adders
  A worm (D:3)
  2 leopard geckos (D:1)
  8 orcs
  2 ball pythons (D:1)
  5 bats
  6 giant cockroaches
  7 goblins
  3 hobgoblins
  2 jackals (D:2)
  16 kobolds
  A quokka (D:2)
  A frilled lizard (D:2)
  4 rats
72 creatures vanquished.

Notes
Turn   | Place    | Note
-------+----------+-------------------------------------------
     0 | D:1      | Duffy the Gnoll Wanderer began the quest for the Orb.
     0 | D:1      | Duffy set off with: a book of Spatial Translocations, the Incunabulum of Unholy Rites, a potion of curing, a +0 robe, a +0 dagger, a bread ration
     0 | D:1      | Reached XP level 1. HP: 13/13 MP: 6/6
     0 | D:1      | Identified the Incunabulum of Unholy Rites
    40 | D:1      | Reached skill level 1 in Fighting
   427 | D:1      | Reached skill level 2 in Fighting
   445 | D:1      | Reached XP level 2. HP: 23/23 MP: 8/8
   502 | D:1      | Reached skill level 3 in Fighting
   681 | D:1      | Learned a level 2 spell: Blink
   831 | D:1      | Reached skill level 4 in Fighting
  1165 | D:2      | Reached XP level 3. HP: 30/30 MP: 9/9
  1533 | D:2      | Reached skill level 5 in Fighting
  1827 | D:2      | Reached XP level 4. HP: 39/39 MP: 11/11
  1833 | D:2      | Learned a level 3 spell: Lesser Beckoning
  1838 | D:2      | Learned a level 4 spell: Passage of Golubria
  2013 | D:3      | Reached skill level 6 in Fighting
  2019 | D:3      | Reached skill level 7 in Fighting
  2019 | D:3      | Reached XP level 5. HP: 17/48 MP: 12/12
  2493 | D:3      | Reached skill level 1 in Axes
  2493 | D:3      | Reached skill level 1 in Armour
  2921 | D:3      | Reached XP level 6. HP: 36/55 MP: 13/13
  3127 | D:3      | Found a burning altar of Makhleb.
  3433 | D:3      | Gained mutation: You are agile. (Dex +2) [potion of mutation]
  3433 | D:3      | Gained mutation: You are robust. (+10% HP) [potion of mutation]
  3797 | D:3      | HP: 3/60 [kobold (4)]
  3798 | D:3      | Slain by a kobold

Vault maps used:
D:1:      dpeg_chamrin_arrival_tetris, minmay_heptomino_w4
D:3:      nicolae_overflow_hidden_temple, lemuel_crystal_altar, first_bread,
          minmay_crystal_water

Skill      XL: |  1  2  3  4  5  6 |
---------------+-------------------+-----
Fighting       | 2 4 5 7 |  7.0
Axes           | 3 4 |  4.4
Armour         | 2 3 |  3.6
Shields        | |  3.2
Spellcasting   | |  5.3
Translocations | |  6.2
Air Magic      | |  1.7

Action                   |  1- 3 |  4- 6 || total
-------------------------+-------+-------++-------
Melee: Dagger            |    83 |    82 ||   165
       Bite              |     9 |    13 ||    22
       Whip              |    40 |       ||    40
       War axe           |       |    79 ||    79
  Use: Scroll            |     1 |       ||     1
       Potion            |       |     8 ||     8
  Eat: Chunk             |     3 |     6 ||     9
Armor: Robe              |    25 |       ||    25
       Ring mail         |    37 |    54 ||    91
       Chain mail        |       |   112 ||   112
       Skin              |       |     9 ||     9
Dodge: Dodged            |    82 |   130 ||   212
